Map: Newkirk Precinct TE (Void)

Players

Railgan - Winner!

  • Race: Zerg Zerg
  • League: Grandmaster
  • Spawn Location: 5:00

DisK

  • Race: Terran Terran
  • League: Grandmaster
  • Spawn Location: 7:00

VOD

Have the link to the VOD?

Description

Time

  • Played on: April 17, 2017, 8:57 p.m.
  • Length: 7:59
Show
View Real Time Build Order
Export as new Build Order

Railgan Zerg - Winner!

Build Orders: Pool First 

Get SALT Encoding   

  12  0:00  Drone  
  13  0:13  Overlord  
  13  0:18  Drone  
  14  0:31  Drone x2  
  14  0:35  Drone  
  17  0:45  Drone  
  18  0:50  Spawning Pool  
  18  0:56  Drone  
  18  1:12  Hatchery  
  18  1:15  Extractor  
  16  1:19  Drone  
  16  1:20  Drone  
  18  1:36  Queen  
  18  1:37  Zergling x2  
  18  1:39  Drone  
  22  1:49  Overlord  
  22  2:12  Drone x2  
  24  2:19  Queen  
  24  2:21  Metabolic Boost  
  26  2:26  Drone, Queen  
  29  2:38  Drone  
  29  2:40  Overlord  
  29  2:42  Drone  
  31  2:47  Drone x2  
  31  2:50  Drone  
  33  2:55  Drone x2  
  33  2:56  Drone  
  36  3:00  Drone  
  37  3:05  Evolution Chamber  
  37  3:12  Drone x2  
  37  3:18  Drone x2  
  39  3:29  Drone  
  39  3:30  Zergling x4  
  39  3:31  Zerg Ground Armor Level 1  
  42  3:34  Drone x2  
  42  3:36  Overlord  
  42  3:38  Overlord, Extractor  
  43  3:55  Queen  
  45  3:56  Drone x2  
  45  3:57  Drone x2  
  45  3:58  Pneumatized Carapace  
  45  4:00  Drone x4  
  53  4:08  Overlord, Drone x2  
  55  4:16  Extractor  
  54  4:18  Zergling x6  
  54  4:19  Baneling Nest  
  56  4:25  Zergling x2  
  56  4:28  Overlord  
  56  4:31  Queen  
  59  4:39  Zergling x2  
  59  4:41  Queen  
  62  4:49  Zergling x2  
  62  4:50  Zergling x4  
  62  4:52  Zergling x4  
  67  4:55  Hatchery  
  67  4:57  Spore Crawler  
  67  4:59  Spore Crawler  
  64  5:00  Drone  
  65  5:07  Zergling x2  
  65  5:08  Zergling x4  
  65  5:13  Zergling x2  
  65  5:14  Zergling x4  
  71  5:23  Zergling x8  
  75  5:30  Zergling x2  
  75  5:35  Baneling  
  76  5:37  Baneling  
  76  5:41  Zergling x6  
  76  5:43  Overlord  
  76  5:45  Baneling x2  
  76  5:46  Baneling x8  
  76  5:49  Baneling x2  
  76  5:50  Baneling x5  
  76  5:58  Lair  
  76  5:59  Overlord  
  76  6:08  Zergling x12  
  70  6:26  Zergling x20  
  77  6:35  Zergling x2  
  72  6:41  Zergling x2  
  72  6:49  Baneling x2  
  72  6:53  Zergling x2  
  72  6:54  Zergling x2  
  74  6:57  Queen  
  74  6:58  Zergling x8  
  74  6:59  Drone  
  73  7:11  Zergling x10  
  73  7:14  Baneling x8  
  73  7:15  Zergling x6  
  75  7:34  Overlord x2  
  75  7:35  Overlord  
  70  7:38  Extractor, Spire  
  70  7:40  Overlord  
Show
View Real Time Build Order
Export as new Build Order

DisK Terran 

Build Orders: Reaper Expand 

Get SALT Encoding   

  12  0:00  SCV  
  13  0:12  SCV  
  14  0:19  Supply Depot  
  14  0:24  SCV  
  15  0:40  SCV  
  15  0:41  Barracks  
  16  0:47  Refinery  
  16  0:52  SCV  
  17  1:04  SCV  
  18  1:16  SCV  
  19  1:29  Reaper, Orbital Command  
  20  1:43  Command Center  
  20  1:51  Supply Depot  
  20  1:57  SCV  
  21  2:01  Marine  
  21  2:06  Factory  
  22  2:10  SCV  
  24  2:22  SCV  
  24  2:24  Barracks Reactor  
  23  2:51  SCV  
  23  2:56  Command Center  
  23  3:05  Orbital Command  
  23  3:07  SCV  
  23  3:08  Barracks Tech Lab  
  24  3:14  Hellion x2  
  24  3:19  SCV  
  29  3:27  Stimpack  
  29  3:31  SCV  
  29  3:32  SCV, Refinery  
  31  3:36  Hellion x2  
  35  3:42  Marine  
  35  3:43  SCV  
  37  3:50  SCV  
  38  3:55  SCV  
  38  4:00  Supply Depot, Hellion x2  
  38  4:02  SCV  
  44  4:08  SCV  
  44  4:09  Orbital Command  
  45  4:15  Marine  
  46  4:17  SCV, Supply Depot  
  47  4:25  Barracks  
  47  4:30  Barracks  
  47  4:31  Bunker, Factory Reactor  
  47  4:32  SCV  
  47  4:34  SCV  
  49  4:38  SCV  
  49  4:44  Supply Depot  
  50  4:49  SCV x2  
  50  4:50  SCV, Supply Depot  
  53  4:56  Starport  
  53  5:03  SCV x2  
  53  5:04  SCV  
  56  5:15  SCV x2  
  56  5:16  SCV  
  56  5:20  Engineering Bay x2  
  59  5:25  Factory Reactor  
  59  5:26  Marine, Refinery x2  
  59  5:27  Marine x2  
  59  5:28  Marine  
  63  5:29  Marine  
  63  5:33  Starport Reactor  
  64  5:44  Marine, Bunker  
  64  5:47  Marine x4  
  69  5:50  SCV x2  
  71  6:01  Terran Infantry Armor Level 1, Terran Infantry Weapons Level 1  
  71  6:03  Barracks x2  
  71  6:04  Widow Mine  
  71  6:06  Marine x2  
  64  6:23  Marine x2  
  57  6:27  Marine x3, Medivac  
  57  6:28  Medivac  
  48  6:43  Marine x2  
  48  6:45  Marine  
  48  6:46  Marine  
  49  6:51  Marine x2  
  49  6:52  Marine  
  42  7:12  Marine x4  
  34  7:32  Marine x3  
Tags
 
Add a new tag
Caveats
  • Supply blocks, unpowered buildings, or Contaminate may cause inaccurate times.
  • Supply counts are checked every 10 seconds.